 Dungeon Crawl Stone Soup version 0.28.0-49-g6dfe1f597d (webtiles) character file.

Game seed: 14283958719074526159

132 Peloso the Covered (level 4, -15/41 HPs)
             Began as a Minotaur Fighter on May 11, 2022.
             Demolished by an orc warrior
             ... wielding a +0 halberd of pain
              (21 damage)
             ... on level 4 of the Dungeon.
             The game lasted 00:04:11 (3133 turns).

Peloso the Covered (Minotaur Fighter)               Turns: 3133, Time: 00:04:12

Health: -15/41     AC:  9    Str: 23    XL:     4   Next: 92%
Magic:  3/3        EV:  7    Int:  5    God:
Gold:   116        SH:  5    Dex: 18    Spells: 3/3 levels left

rFire   . . .      SeeInvis .   b - +9 short sword of Harmony {flame, rElec Str+3 Dex+6}
rCold   . . .      Faith    .   c - +0 buckler
rNeg    . . .      Spirit   .   f - +0 chain mail
rPois   .          Reflect  .   (helmet restricted)
rElec   +          Harm     .   (no cloak)
rCorr   .          Rampage  .   (no gloves)
Will    .....                   (no boots)
Stlth   ..........              (no amulet)
HPRegen 0.13/turn               (no ring)
MPRegen 0.08/turn               (no ring)

@: no status effects
A: horns 2, retaliatory headbutt
a: no special abilities


You were on level 4 of the Dungeon.
You visited 1 branch of the dungeon, and saw 4 of its levels.

You collected 116 gold pieces.

Inventory:

Hand Weapons
 a - a +1 long sword
 b - the +9 short sword of Harmony (weapon) {flame, rElec Str+3 Dex+6}
   (You found it on level 3 of the Dungeon)

   It burns those it strikes, dealing additional fire damage.
   Str:       It affects your strength (+3).
   Dex:       It affects your dexterity (+6).
   rElec:     It insulates you from electricity.
 m - a +0 hand crossbow
Armour
 c - a +0 buckler (worn)
 f - a +0 chain mail (worn)
Wands
 h - a wand of polymorph (7)
Scrolls
 g - a scroll of teleportation {unknown}
 j - a scroll of summoning {unknown}
 k - a scroll of acquirement {unknown}
 l - a scroll of identify
Potions
 d - 2 potions of might
 e - a potion of resistance
 i - a potion of ambrosia {unknown}


   Skills:
 + Level 4.4 Fighting
 + Level 0.9(2.3) Short Blades
 + Level 3.6(3.8) Long Blades
 + Level 5.1 Armour
 + Level 0.3 Dodging
 + Level 4.1 Shields


You had 3 spell levels left.
You didn't know any spells.
Your spell library contained the following spells:

 Spells                   Type           Power      Damage    Failure   Level
 Summon Guardian Golem    Hex/Summ       0%         N/A       100%        3
 Orb of Destruction       Conj           0%         9d5       100%        7
 Spellforged Servitor     Conj/Summ      0%         N/A       100%        7


Dungeon Overview and Level Annotations

Branches:
Dungeon (4/15)
 Temple: D:4-7

Altars:
Qazlal

Shops:
D:4 :

Annotations:
D:3 2 runed translucent doors, H0rd4k's ghost, amateur DEWz


Innate Abilities, Weirdness & Mutations

You have a pair of horns on your head.
You reflexively headbutt those who attack you in melee.


Message History

You headbutt the bullfrog skeleton.
The bullfrog skeleton is almost destroyed.
The bullfrog skeleton hits you.
You puncture the bullfrog skeleton! You burn the bullfrog skeleton.
You destroy the bullfrog skeleton!
Your Armour skill increases to level 5!
A hobgoblin comes into view.
The hobgoblin shouts!
A hobgoblin is nearby!
The hobgoblin hits you.
You hit the hobgoblin but do no damage. Your headbutt misses the hobgoblin.
You block the hobgoblin's attack.
You barely miss the hobgoblin. The hobgoblin barely misses you.
You barely miss the hobgoblin. The hobgoblin barely misses you.
You puncture the hobgoblin! You burn the hobgoblin.
You kill the hobgoblin!
An orc warrior and an orc come into view.
The orc warrior is wielding a +0 halberd of pain.
Found a stone staircase leading down.
The orc warrior shouts!
The orc shouts!
There are monsters nearby!
The orc warrior hits you from afar with a +0 halberd of pain!
You writhe in agony.
The orc warrior hits you with a +0 halberd of pain!
You writhe in agony.
You hit the orc warrior but do no damage.
The orc warrior hits you with a +0 halberd of pain.
You closely miss the orc warrior.
You headbutt the orc warrior, but do no damage.
The orc warrior hits you with a +0 halberd of pain!
* * * LOW HITPOINT WARNING * * *
You closely miss the orc warrior. Your headbutt misses the orc warrior.
The orc warrior closely misses you.
You completely miss the orc warrior.
The orc warrior hits you with a +0 halberd of pain.
* * * LOW HITPOINT WARNING * * *
Okay, then.
The orc warrior hits you from afar with a +0 halberd of pain!!
Ouch! That really hurt!
You die...

.#...# .########
#........ .#...#
#.....>..
#........
.#...#######.#
#........
.#...##......#
#........
.#...##......#####
#######.#
................o#
#>#
##########.#####o#
#.. ....#....#.#
#.# #######
###.#......# #@#
#.....#
#.####.#######.#
#.###.# #.#
#.#.......# #.#
#.# #.#
#.#.###...#
#.###.. #.#
#.#.###.#.#
#.#.... #.#
#.#.#...#.#
######.#.### #.#
#.#.#.###.#
#...##.....#
#.####.#.#.#
#.#####.#.#....#.#
#....#.#.#.#
#..).>..#.#.####.#


You could see an orc warrior and an orc.

Vanquished Creatures
  A bullfrog skeleton (D:4)
  2 adders (D:2)
  3 worms
  2 dart slugs
  An orc (D:3)
  5 ball pythons
  4 endoplasms
  3 giant cockroaches
  10 goblins
  4 hobgoblins
  11 jackals
  3 quokkas
  5 bats
  6 frilled lizards
  8 kobolds
  4 rats
72 creatures vanquished.

Notes
Turn   | Place    | Note
-------+----------+-------------------------------------------
     0 | D:1      | Peloso the Minotaur Fighter began the quest for the Orb.
     0 | D:1      | Reached XP level 1. HP: 19/19 MP: 0/0
    34 | D:1      | Found a faded altar of an unknown god.
    82 | D:1      | Reached XP level 2. HP: 26/27 MP: 1/1
    92 | D:1      | Reached skill level 4 in Armour
   418 | D:1      | Reached XP level 3. HP: 33/33 MP: 2/2
   942 | D:2      | Found a stormy altar of Qazlal.
  1629 | D:2      | Reached XP level 4. HP: 30/40 MP: 3/3
  1958 | D:3      | Found a large runed translucent door.
  1958 | D:3      | Found a large runed translucent door.
  2064 | D:3      | Noticed H0rd4k's ghost (amateur DEWz)
  2077 | D:3      | Identified the +9 short sword of Harmony {flame, rElec
                  | Str+3 Dex+6}
  2821 | D:4      | Found Duna's Book Boutique.
  3028 | D:4      | Reached skill level 5 in Armour
  3112 | D:4      | Noticed an orc warrior
  3133 | D:4      | Demolished by an orc warrior

Illustrated notes

Levels and vault maps discovered:
D:1:      amcnicky_arrival_abandoned_market, layout_loops_ring,
          ebering_ecumenical_altar_box
D:2:      minmay_door_path, layout_basic, basic_altar, minmay_strange_pillars
D:3:      layout_loops_ring, ebering_ghost_disaster_area, minmay_unequal
D:4:      layout_basic, serial_shops, shop

Skill      XL: |  1  2  3  4 |
---------------+-------------+-----
Armour         | 4 5 |  5.1
Fighting       | 4 |  4.4
Shields        | 4 |  4.1
Long Blades    | 3 |  3.6
Short Blades   | |  0.9
Dodging        | |  0.3

Action                   |  1- 3 |  4- 6 || total
-------------------------+-------+-------++-------
Melee: Long sword        |   107 |     9 ||   116
       Headbutt          |    10 |     6 ||    16
       Short sword       |       |    32 ||    32
  Use: Scroll            |     2 |     1 ||     3
       Potion            |     1 |       ||     1
Armor: Scale mail        |    24 |       ||    24
       Chain mail        |    48 |    14 ||    62
Dodge: Dodged            |    59 |    13 ||    72
Block: Buckler           |    29 |     6 ||    35
